[Event "4NCL Div 1 2018-19"]
[Site "Telford"]
[Date "2019.02.10"]
[Round "6.19"]
[White "Toczek, Grzegorz"]
[Black "Wu, Christopher"]
[Result "0-1"]
[ECO "B53"]
[WhiteElo "2243"]
[BlackElo "2340"]
[Annotator "NA"]
[PlyCount "122"]
[EventDate "2018.11.10"]
[EventType "team-tourn"]
[EventCountry "GBR"]
[SourceTitle "playchess.com"]
[Source "ChessBase"]
[SourceQuality "1"]
[TimeControl "40/6000+30:3000+30"]

1. e4 c5 2. Nf3 d6 3. d4 cxd4 4. Qxd4 Nf6 5. Bb5+ Bd7 6. c4 g6 7. e5 dxe5 8. Nxe5 a6 9. Nxd7 Nbxd7 10. Ba4 Bg7 11. O-O O-O 12. Be3 Qc7 13. Nc3 Rfd8 14. Qh4 Ne5 15. Bb3 Neg4 16. Nd5 Nxd5 17. cxd5 Nxe3 18. fxe3 Qe5 19. d6 Bf6 20. Qc4 e6 21. Rf3 Rd7 22. Raf1 Bg5 23. Kh1 Qxd6 24. h4 Bh6 25. h5 Qe5 26. hxg6 hxg6 27. Rh3 Bg5 28. Qg4 Kg7 29. Qf3 Rad8 30. Bc2 Rc7 31. Be4 b5 32. b3 b4 33. Bb1 a5 34. Be4 Qb5 35. Bb1 Rdc8 36. Kh2 Qe5+ 37. Kh1 Qf6 38. Kg1 Qxf3 39. Rhxf3 Rd8 40. e4 Rd2 41. Kh2 Rcd7 42. Kg3 e5 43. R3f2 Bf4+ 44. Kg4 Be3 45. Rxd2 Rxd2 46. Kf3 Bd4 47. Rc1 Kf6 48. Kg3 Kg5 49. Rf1 f6 50. Rf3 Rd1 51. Bd3 Ra1 52. Bb5 Rxa2 53. Kh3 Bf2 54. Kh2 Rc2 55. Ba4 Be1 56. Re3 Bf2 57. Rf3 f5 58. exf5 gxf5 59. Bd7 f4 60. Kh3 e4 61. Bf5 Kxf5 0-1

[Event "4NCL Div 1 2018-19"]
[Site "Telford"]
[Date "2019.02.10"]
[Round "6.20"]
[White "Manley, Jon P"]
[Black "Toma, Katarzyna"]
[Result "0-1"]
[ECO "B23"]
[WhiteElo "2149"]
[BlackElo "2164"]
[Annotator "NA"]
[PlyCount "62"]
[EventDate "2018.11.10"]
[EventType "team-tourn"]
[EventCountry "GBR"]
[SourceTitle "playchess.com"]
[Source "ChessBase"]
[SourceQuality "1"]
[TimeControl "40/6000+30:3000+30"]

1. e4 c5 2. Nc3 Nc6 3. Bb5 Nd4 4. Bc4 a6 5. Nge2 b5 6. Bd5 Rb8 7. Nxd4 cxd4 8. Ne2 Nf6 9. Bb3 Nxe4 10. Nxd4 e6 11. c3 Bb7 12. O-O Bd6 13. d3 Nf6 14. Bd2 h5 15. h3 Nd5 16. Bxd5 Bxd5 17. Qe2 Qf6 18. f4 Qg6 19. b4 O-O 20. a4 bxa4 21. Rxa4 Bb7 22. Ra5 f5 23. c4 Bc7 24. Ra2 e5 25. fxe5 Bxe5 26. Nf3 Bc7 27. Bc3 Rbe8 28. Qf2 Bg3 29. Qa7 Bc6 30. Qd4 Rf7 31. Rxa6 Re2 0-1

[Event "4NCL Div 1 2018-19"]
[Site "Telford"]
[Date "2019.02.10"]
[Round "6.21"]
[White "Blackburn, Jonathan L B"]
[Black "Stork, Oliver"]
[Result "1/2-1/2"]
[ECO "D58"]
[WhiteElo "2212"]
[BlackElo "2197"]
[Annotator "NA"]
[PlyCount "71"]
[EventDate "2018.11.10"]
[EventType "team-tourn"]
[EventCountry "GBR"]
[SourceTitle "playchess.com"]
[Source "ChessBase"]
[SourceQuality "1"]
[TimeControl "40/6000+30:3000+30"]

1. d4 d5 2. c4 e6 3. Nc3 Be7 4. Nf3 Nf6 5. Bg5 O-O 6. e3 h6 7. Bh4 b6 8. Bxf6 Bxf6 9. cxd5 exd5 10. Be2 Be6 11. O-O c5 12. Rc1 Nc6 13. Qa4 cxd4 14. Qxc6 dxc3 15. bxc3 Rc8 16. Qa4 Bxc3 17. Qxa7 Ra8 18. Qb7 d4 19. Qe4 Rxa2 20. Bd3 g6 21. Qf4 Bd2 22. Nxd2 Rxd2 23. Rcd1 dxe3 24. Qxe3 Rxd1 25. Rxd1 Qg5 26. Qxb6 Rd8 27. f4 Qf6 28. g3 Kg7 29. Kf2 Bg4 30. Qxf6+ Kxf6 31. Rd2 Bf5 32. Ke3 Re8+ 33. Kf2 Rd8 34. Ke3 h5 35. Bc4 Rxd2 36. Kxd2 {[%emt 0:00:02] Ke5 [%clk 00:00:22] [%emt 00:00:28]} 1/2-1/2

[Event "4NCL Div 1 2018-19"]
[Site "Telford"]
[Date "2019.02.10"]
[Round "6.21"]
[White "Stewart, Ashley"]
[Black "Wadsworth, Matthew J"]
[Result "0-1"]
[ECO "A25"]
[WhiteElo "2166"]
[BlackElo "2350"]
[Annotator "NA"]
[PlyCount "144"]
[EventDate "2018.11.10"]
[EventType "team-tourn"]
[EventCountry "GBR"]
[SourceTitle "playchess.com"]
[Source "ChessBase"]
[SourceQuality "1"]
[TimeControl "40/6000+30:3000+30"]

1. c4 e5 2. g3 Nc6 3. Nc3 Bc5 4. Bg2 a6 5. e3 d6 6. Nf3 Ba7 7. d4 exd4 8. Nxd4 Nxd4 9. exd4 Ne7 10. O-O O-O 11. b3 Nf5 12. Ne2 Qf6 13. Bb2 Re8 14. Qd2 Rb8 15. Rac1 Bd7 16. c5 Bb5 17. Rfe1 Bxe2 18. Rxe2 Rxe2 19. Qxe2 Nxd4 20. Bxd4 Qxd4 21. Bxb7 Bxc5 22. Bxa6 h5 23. Rc4 Qa1+ 24. Kg2 g6 25. Rf4 Qe5 26. Qxe5 dxe5 27. Rc4 Bd6 28. Rc6 Rb6 29. Rxb6 cxb6 30. h3 Kg7 31. g4 Kh6 32. Bc4 f6 33. Kf3 Kg5 34. Be6 Bc5 35. a4 h4 36. Ke2 Kf4 37. Bf7 g5 38. Kf1 Kf3 39. Bd5+ e4 40. Bc6 Bxf2 41. Bxe4+ Kg3 42. b4 Bd4 43. Bg2 Kh2 44. a5 bxa5 45. bxa5 Ba7 46. a6 Kg3 47. Bc6 Kxh3 48. Bd7 Kg3 49. Bc8 h3 50. Bd7 Kf3 51. Bc8 h2 52. Bb7+ Kg3 53. Bc6 Bg1 54. Bb7 Bb6 55. Bc6 Ba7 56. Bb7 Kxg4 57. Kg2 h1=Q+ 58. Kxh1 Kg3 59. Bc8 g4 60. Bd7 Be3 61. Bc8 Kf3 62. Bd7 g3 63. Bc6+ Kf2 64. Bg2 Ba7 65. Bf3 Bb8 66. Bd5 f5 67. Bc6 f4 68. a7 Bxa7 69. Bf3 Bb8 70. Bg2 f3 71. Bxf3 Kxf3 72. Kg1 Ba7+ 0-1

[Event "4NCL Div 1 2018-19"]
[Site "Telford"]
[Date "2019.02.10"]
[Round "6.22"]
[White "Kilpatrick, Callum"]
[Black "Willow, Jonah B"]
[Result "1/2-1/2"]
[ECO "B47"]
[WhiteElo "2353"]
[BlackElo "2224"]
[Annotator "NA"]
[PlyCount "74"]
[EventDate "2018.11.10"]
[EventType "team-tourn"]
[EventCountry "GBR"]
[SourceTitle "playchess.com"]
[Source "ChessBase"]
[SourceQuality "1"]
[TimeControl "40/6000+30:3000+30"]

1. e4 c5 2. Nf3 e6 3. d4 cxd4 4. Nxd4 Nc6 5. Nc3 Qc7 6. Qd3 a6 7. Nxc6 Qxc6 8. Be2 Bc5 9. O-O Ne7 10. Be3 O-O 11. Rad1 Bxe3 12. Qxe3 Rd8 13. e5 d5 14. exd6 Nd5 15. Qg5 Qxd6 16. Ne4 Qf8 17. c4 f5 18. cxd5 fxe4 19. Bc4 Re8 20. d6 Bd7 21. Qe5 b5 22. Bb3 Qf6 23. Qxe4 Qxb2 24. Qb7 Red8 25. Rc1 Qe5 26. Rfe1 Qxd6 27. Rcd1 Bc6 28. Qb6 Bd5 29. Qxd6 Rxd6 30. Rxe6 Bxe6 31. Rxd6 Bxb3 32. axb3 a5 33. Rd3 Rc8 34. Kf1 Rc2 35. Rd5 a4 36. bxa4 bxa4 37. Ra5 Ra2 1/2-1/2

[Event "4NCL Div 1 2018-19"]
[Site "Telford"]
[Date "2019.02.10"]
[Round "6.22"]
[White "Tyomkyn, Mikhail"]
[Black "Jones, Steven A"]
[Result "1/2-1/2"]
[ECO "A07"]
[WhiteElo "2115"]
[BlackElo "2150"]
[Annotator "NA"]
[PlyCount "108"]
[EventDate "2018.11.10"]
[EventType "team-tourn"]
[EventCountry "GBR"]
[SourceTitle "playchess.com"]
[Source "ChessBase"]
[SourceQuality "1"]
[TimeControl "40/6000+30:3000+30"]

1. Nf3 Nf6 2. g3 d5 3. Bg2 e6 4. O-O Bd6 5. d3 O-O 6. Nbd2 Nbd7 7. e4 c6 8. Re1 e5 9. Nh4 Re8 10. Nf5 Bf8 11. Nf1 Nc5 12. Qf3 Bxf5 13. exf5 e4 14. dxe4 Ncxe4 15. Be3 Qa5 16. c3 Qb5 17. Rab1 Bc5 18. Qd1 Qb6 19. Bxc5 Qxc5 20. Ne3 Re7 21. Bxe4 Rxe4 22. Qd3 Rae8 23. h3 Kf8 24. Kg2 Nd7 25. Nc2 Rxe1 26. Rxe1 Rxe1 27. Nxe1 Ne5 28. Qe2 d4 29. cxd4 Qxd4 30. b3 Qd5+ 31. Kh2 f6 32. f4 Nd7 33. Qe6 Nb6 34. g4 a5 35. Ng2 a4 36. bxa4 Qxe6 37. fxe6 Ke7 38. a5 Nc4 39. a6 bxa6 40. f5 Nd6 41. Kg3 Ne4+ 42. Kf4 Nc3 43. a3 Nb5 44. a4 Nc3 45. a5 Nb5 46. Ke4 Nd6+ 47. Kd4 Nb7 48. Ne3 Nxa5 49. Kc5 Nb3+ 50. Kxc6 Nd4+ 51. Kd5 Nb3 52. Kc6 Nd4+ 53. Kd5 Nb3 54. Kc6 Na5+ 1/2-1/2

[Event "4NCL Div 1 2018-19"]
[Site "Telford"]
[Date "2019.02.10"]
[Round "6.23"]
[White "Redmond, John P."]
[Black "Hansen, Hans-Peter"]
[Result "1/2-1/2"]
[ECO "A30"]
[WhiteElo "2175"]
[BlackElo "2192"]
[Annotator "NA"]
[PlyCount "113"]
[EventDate "2018.11.10"]
[EventType "team-tourn"]
[EventCountry "GBR"]
[SourceTitle "playchess.com"]
[Source "ChessBase"]
[SourceQuality "1"]
[TimeControl "40/6000+30:3000+30"]

1. c4 c5 2. b3 Nf6 3. Bb2 e6 4. Nf3 Be7 5. g3 b6 6. Bg2 Bb7 7. O-O O-O 8. Nc3 d6 9. d4 cxd4 10. Qxd4 Nbd7 11. e4 a6 12. Rfe1 Qc7 13. Rac1 Rad8 14. Qd3 Rfe8 15. Nd4 Bf8 16. Qb1 Qb8 17. Re2 Qa7 18. Rd1 Qa8 19. Rde1 g6 20. Qd1 Bg7 21. Ba1 Nc5 22. Nc2 Qb8 23. Rd2 Qa8 24. Rde2 Qb8 25. h3 Ba8 26. Rd2 Bh6 27. Rde2 Bg7 28. Nd4 Ncd7 29. Nc2 Nc5 30. Nb4 Bb7 31. a4 Qc7 32. Nba2 Rc8 33. Rd2 Red8 34. Bb2 Bh6 35. Rde2 Bg7 36. Nc1 Qb8 37. Rd2 Bh6 38. Rde2 Bg7 39. Qd2 Bc6 40. Qd1 b5 41. axb5 axb5 42. cxb5 Bxb5 43. Nxb5 Qxb5 44. Rd2 Ne8 45. Bxg7 Kxg7 46. e5 d5 47. Rd4 Nd7 48. Qd2 Qc5 49. Rh4 h5 50. Qg5 Qc3 51. Nd3 Kf8 52. Bf1 Ng7 53. Rf4 Kg8 54. Qe7 Nf5 55. Qg5 Nf8 56. Rf3 Nh7 57. Qc1 1/2-1/2

[Event "4NCL Div 1 2018-19"]
[Site "Telford"]
[Date "2019.02.10"]
[Round "6.23"]
[White "Sygnowski, Tomasz"]
[Black "Golding, Alex"]
[Result "0-1"]
[ECO "B90"]
[WhiteElo "2153"]
[BlackElo "2263"]
[Annotator "NA"]
[PlyCount "74"]
[EventDate "2018.11.10"]
[EventType "team-tourn"]
[EventCountry "GBR"]
[SourceTitle "playchess.com"]
[Source "ChessBase"]
[SourceQuality "1"]
[TimeControl "40/6000+30:3000+30"]

1. e4 c5 2. Nf3 d6 3. Nc3 Nf6 4. d4 cxd4 5. Nxd4 a6 6. a3 g6 7. Bc4 Bg7 8. Bb3 O-O 9. f3 Qc7 10. Be3 Nc6 11. Nxc6 bxc6 12. Qd2 Rd8 13. O-O-O Be6 14. Bxe6 fxe6 15. e5 Nd5 16. exd6 exd6 17. Bd4 Rab8 18. Rhe1 e5 19. Nxd5 cxd5 20. Bc3 d4 21. Bb4 Qb6 22. b3 Rdc8 23. Kb1 d5 24. Ka2 Rc6 25. Rc1 Rbc8 26. Kb1 Re6 27. Ba5 Qb7 28. Qb4 Qd7 29. Qd2 e4 30. fxe4 dxe4 31. Re2 Qd5 32. Ka2 e3 33. Qe1 d3 34. cxd3 Rxc1 35. Qxc1 Qxa5 36. Rxe3 Rxe3 37. Qxe3 h5 0-1

[Event "4NCL Div 1 2018-19"]
[Site "Telford"]
[Date "2019.02.10"]
[Round "6.24"]
[White "Ciuksyte, Dagne"]
[Black "Manelidou, Maria"]
[Result "1-0"]
[ECO "C54"]
[WhiteElo "2303"]
[BlackElo "2069"]
[Annotator "NA"]
[PlyCount "83"]
[EventDate "2018.11.10"]
[EventType "team-tourn"]
[EventCountry "GBR"]
[SourceTitle "playchess.com"]
[Source "ChessBase"]
[SourceQuality "1"]
[TimeControl "40/6000+30:3000+30"]

1. e4 e5 2. d4 exd4 3. Nf3 Nc6 4. Bc4 Bc5 5. c3 Nf6 6. e5 d5 7. Bb5 Ne4 8. cxd4 Bb4+ 9. Bd2 Nxd2 10. Nbxd2 O-O 11. Bxc6 bxc6 12. O-O Be7 13. Rc1 Rb8 14. Qc2 Rb6 15. Nb3 Bg4 16. Nfd2 Qc8 17. Na5 Bd7 18. a3 Re8 19. b4 f6 20. f4 fxe5 21. fxe5 Bg5 22. Rce1 Re6 23. Qf5 h6 24. Qf7+ Kh8 25. Ndb3 Be7 26. Re3 Be8 27. Qf2 Bg6 28. Rg3 Kh7 29. Nc5 Bxc5 30. dxc5 Rb8 31. Nb3 Rxe5 32. Rxg6 Kxg6 33. Qg3+ Rg5 34. Qd3+ Kh5 35. Rf3 Rg4 36. Nd4 Re4 37. Nxc6 Qe6 38. Nxb8 d4 39. Rf1 Kg5 40. Nd7 Rg4 41. Nf8 Qd5 42. Nh7+ 1-0

[Event "4NCL Div 1 2018-19"]
[Site "Telford"]
[Date "2019.02.10"]
[Round "6.24"]
[White "Frank, Tena"]
[Black "Kett, Tim"]
[Result "0-1"]
[ECO "A57"]
[WhiteElo "1947"]
[BlackElo "2206"]
[Annotator "NA"]
[PlyCount "72"]
[EventDate "2018.11.10"]
[EventType "team-tourn"]
[EventCountry "GBR"]
[SourceTitle "playchess.com"]
[Source "ChessBase"]
[SourceQuality "1"]
[TimeControl "40/6000+30:3000+30"]

1. d4 Nf6 2. c4 c5 3. d5 b5 4. cxb5 a6 5. f3 e6 6. dxe6 fxe6 7. e4 Be7 8. e5 Nd5 9. Nc3 Nxc3 10. bxc3 Qa5 11. Qb3 axb5 12. Bxb5 O-O 13. Ne2 Qc7 14. f4 Nc6 15. O-O Bb7 16. Be3 Rf7 17. c4 Raf8 18. Qc3 Ba8 19. h3 Qb7 20. Rf2 Nxe5 21. Qxe5 Bf6 22. Qxc5 Bxa1 23. a4 e5 24. a5 exf4 25. Bd4 Bxd4 26. Nxd4 Qe4 27. Nf3 Qe3 28. Qxe3 fxe3 29. Re2 Bxf3 30. gxf3 Rxf3 31. Bxd7 Rf1+ 32. Kg2 R1f2+ 33. Rxf2 Rxf2+ 34. Kg1 Ra2 35. c5 Ra1+ 36. Kg2 e2 0-1

[Event "4NCL Div 1 2018-19"]
[Site "Telford"]
[Date "2019.02.10"]
[Round "6.25"]
[White "Buckley, David E"]
[Black "McKay, Roderick M"]
[Result "1-0"]
[ECO "D44"]
[WhiteElo "2247"]
[BlackElo "2309"]
[Annotator "NA"]
[PlyCount "61"]
[EventDate "2018.11.10"]
[EventType "team-tourn"]
[EventCountry "GBR"]
[SourceTitle "playchess.com"]
[Source "ChessBase"]
[SourceQuality "1"]
[TimeControl "40/6000+30:3000+30"]

1. d4 d5 2. c4 c6 3. Nc3 Nf6 4. Nf3 e6 5. Bg5 dxc4 6. e4 b5 7. e5 h6 8. Bh4 g5 9. Nxg5 hxg5 10. Bxg5 Nbd7 11. g3 Qa5 12. exf6 b4 13. Ne4 Ba6 14. Qf3 O-O-O 15. Be2 Nb8 16. Be3 c5 17. dxc5 b3+ 18. Kf1 bxa2 19. Kg2 Bb7 20. Bxc4 Qb4 21. Rhc1 Nc6 22. Kg1 Ne5 23. Qf4 Nxc4 24. Rxc4 Qxb2 25. Nd6+ Bxd6 26. cxd6+ Kb8 27. Bd4 Qb1+ 28. Rc1 Rxh2 29. d7+ Ka8 30. Kxh2 Rh8+ 31. Qh4 1-0

[Event "4NCL Div 1 2018-19"]
[Site "Telford"]
[Date "2019.02.10"]
[Round "6.26"]
[White "Szczepkowska, Karina"]
[Black "Rendle, Thomas E"]
[Result "1-0"]
[ECO "D38"]
[WhiteElo "2404"]
[BlackElo "2373"]
[Annotator "NA"]
[PlyCount "127"]
[EventDate "2018.11.10"]
[EventType "team-tourn"]
[EventCountry "GBR"]
[SourceTitle "playchess.com"]
[Source "ChessBase"]
[SourceQuality "1"]
[TimeControl "40/6000+30:3000+30"]

1. d4 Nf6 2. c4 e6 3. Nf3 d5 4. Nc3 Bb4 5. Qa4+ Nc6 6. e3 O-O 7. Bd2 Qe7 8. a3 Bxc3 9. Bxc3 Ne4 10. Qc2 Re8 11. Rd1 a6 12. Bd3 Nxc3 13. Qxc3 dxc4 14. Bxc4 e5 15. Nxe5 Nxe5 16. dxe5 Bg4 17. Rd4 Bh5 18. f4 Qh4+ 19. g3 Qh3 20. Qd2 Bf3 21. Rf1 Bg4 22. f5 Rxe5 23. Rd8+ Re8 24. Bxf7+ Kxf7 25. Qd7+ Re7 26. Qd5+ Kf6 27. Qd4+ Kg5 28. Rxa8 Qxh2 29. Qf4+ Kh5 30. Qf2 Qxf2+ 31. Kxf2 Bxf5 32. Rd8 Bd7 33. Rh1+ Kg6 34. Rh4 h5 35. Rf4 Bc6 36. Ke2 Re5 37. Rdd4 Rc5 38. Rd2 Rc1 39. e4 Kg5 40. Kf2 Rh1 41. Re2 Bb5 42. Kg2 Rc1 43. Re3 Bc6 44. Rc3 Rd1 45. b4 g6 46. Kf2 Rd2+ 47. Ke3 Rg2 48. Kf3 Rg1 49. Kf2 Rh1 50. e5 Rh2+ 51. Ke1 Rh1+ 52. Kd2 Rh2+ 53. Ke3 Rg2 54. Kd4 Rxg3 55. Rxg3+ Kxf4 56. Rxg6 h4 57. Rxc6 bxc6 58. e6 h3 59. e7 h2 60. e8=Q h1=Q 61. Qe5+ Kg4 62. Qe4+ Qxe4+ 63. Kxe4 Kg5 64. Ke5 1-0

[Event "4NCL Div 1 2018-19"]
[Site "Telford"]
[Date "2019.02.10"]
[Round "6.26"]
[White "Morrison, Graham"]
[Black "Coathup, Roger H"]
[Result "1/2-1/2"]
[ECO "E94"]
[WhiteElo "2300"]
[BlackElo "2162"]
[Annotator "NA"]
[PlyCount "53"]
[EventDate "2018.11.10"]
[EventType "team-tourn"]
[EventCountry "GBR"]
[SourceTitle "playchess.com"]
[Source "ChessBase"]
[SourceQuality "1"]
[TimeControl "40/6000+30:3000+30"]

1. d4 Nf6 2. c4 g6 3. Nc3 Bg7 4. e4 d6 5. Nf3 O-O 6. Be2 c6 7. O-O e5 8. d5 Na6 9. Be3 Ng4 10. Bg5 f6 11. Bh4 Nh6 12. c5 Nxc5 13. b4 g5 14. bxc5 gxh4 15. dxc6 bxc6 16. Qb3+ Nf7 17. Rfd1 Bd7 18. cxd6 h3 19. g3 Qb6 20. Qc4 Rfb8 21. Nh4 Qb4 22. a3 Qxc4 23. Bxc4 Bf8 24. Na4 Rd8 25. Rd2 Kg7 26. Bxf7 Kxf7 27. f4 1/2-1/2

[Event "4NCL Div 1 2018-19"]
[Site "Telford"]
[Date "2019.02.10"]
[Round "6.27"]
[White "Daskalov, Dimitar"]
[Black "Reimanis, Ritvars"]
[Result "1/2-1/2"]
[ECO "B23"]
[WhiteElo "2330"]
[BlackElo "2324"]
[Annotator "NA"]
[PlyCount "92"]
[EventDate "2018.11.10"]
[EventType "team-tourn"]
[EventCountry "GBR"]
[SourceTitle "playchess.com"]
[Source "ChessBase"]
[SourceQuality "1"]
[TimeControl "40/6000+30:3000+30"]

1. e4 c5 2. Nc3 Nc6 3. Bb5 g6 4. Bxc6 bxc6 5. d3 Bg7 6. f4 d6 7. h3 Nh6 8. Nf3 Qb6 9. O-O f6 10. Na4 Qc7 11. c4 Nf7 12. Qe1 O-O 13. Nc3 f5 14. Kh1 e5 15. fxe5 Nxe5 16. Nxe5 Bxe5 17. Bf4 Bxf4 18. Rxf4 g5 19. Rf3 f4 20. Qd2 Qg7 21. Raf1 Be6 22. Kg1 Rab8 23. b3 Rbd8 24. Qe1 Rde8 25. Qc1 Bf7 26. R3f2 Bh5 27. Nb1 Qd4 28. Qc3 d5 29. Qxd4 cxd4 30. Nd2 Bg6 31. cxd5 cxd5 32. Nf3 dxe4 33. dxe4 h6 34. Nxd4 Rxe4 35. Ne2 Rc8 36. Rd1 a5 37. Rd6 Kf7 38. Nd4 a4 39. bxa4 Rc4 40. Rd2 Rc1+ 41. Kf2 Ree1 42. Nf3 Rf1+ 43. Ke2 Bh5 44. Rxh6 Rfe1+ 45. Kf2 Rf1+ 46. Ke2 Rfe1+ 1/2-1/2

[Event "4NCL Div 1 2018-19"]
[Site "Telford"]
[Date "2019.02.10"]
[Round "6.27"]
[White "Mueller, Constantin"]
[Black "Gourlay, Iain"]
[Result "1/2-1/2"]
[ECO "E01"]
[WhiteElo "2276"]
[BlackElo "2358"]
[Annotator "NA"]
[PlyCount "48"]
[EventDate "2018.11.10"]
[EventType "team-tourn"]
[EventCountry "GBR"]
[SourceTitle "playchess.com"]
[Source "ChessBase"]
[SourceQuality "1"]
[TimeControl "40/6000+30:3000+30"]

1. d4 d5 2. c4 e6 3. Nf3 Nf6 4. g3 Bb4+ 5. Bd2 Bd6 6. Nc3 c6 7. Bg5 Nbd7 8. e4 dxe4 9. Nxe4 Bb4+ 10. Bd2 Be7 11. Nxf6+ Nxf6 12. c5 e5 13. dxe5 Ne4 14. Bb4 Bg4 15. Bg2 a5 16. Ba3 Bxc5 17. Bxc5 Nxc5 18. O-O Qd3 19. Qc1 Ne6 20. Ng5 Nxg5 21. Qxg5 Qg6 22. Qh4 Qh5 23. Qxh5 Bxh5 24. h3 Ke7 1/2-1/2

[Event "4NCL Div 1 2018-19"]
[Site "Telford"]
[Date "2019.02.10"]
[Round "6.28"]
[White "Sreeves, Clement"]
[Black "Taylor, Adam A"]
[Result "1-0"]
[ECO "B32"]
[WhiteElo "2358"]
[BlackElo "2222"]
[Annotator "NA"]
[PlyCount "74"]
[EventDate "2018.11.10"]
[EventType "team-tourn"]
[EventCountry "GBR"]
[SourceTitle "playchess.com"]
[Source "ChessBase"]
[SourceQuality "1"]
[TimeControl "40/6000+30:3000+30"]

1. e4 c5 2. Nf3 Nc6 3. d4 cxd4 4. Nxd4 e5 5. Nb5 d6 6. N1c3 a6 7. Na3 b5 8. Nd5 Nge7 9. c4 Nd4 10. Bd3 Nxd5 11. cxd5 Be7 12. O-O O-O 13. Be3 Bd7 14. Qd2 Rc8 15. f4 Bf6 16. Kh1 g6 17. Qb4 Qe7 18. Rf2 Rce8 19. Rc1 Bg7 20. fxe5 Bxe5 21. Bb1 Qh4 22. g3 Bxg3 23. Qxd4 Bg4 24. Kg1 Bxf2+ 25. Bxf2 Qh3 26. Rc3 Bf3 27. Rxf3 Qxf3 28. Qe3 Qd1+ 29. Qe1 Qg4+ 30. Bg3 f5 31. h3 Qg5 32. Kh1 fxe4 33. Nc2 e3 34. Kh2 e2 35. Qc3 Qxd5 36. Ne3 Qf3 37. Qb3+ Rf7 1-0

[Event "4NCL Div 1 2018-19"]
[Site "Telford"]
[Date "2019.02.10"]
[Round "6.28"]
[White "Maurizzi, Marc Andria"]
[Black "Smith, Murray"]
[Result "1-0"]
[ECO "B12"]
[WhiteElo "2268"]
[BlackElo "2190"]
[Annotator "NA"]
[PlyCount "83"]
[EventDate "2018.11.10"]
[EventType "team-tourn"]
[EventCountry "GBR"]
[SourceTitle "playchess.com"]
[Source "ChessBase"]
[SourceQuality "1"]
[TimeControl "40/6000+30:3000+30"]

1. e4 c6 2. d4 d5 3. e5 c5 4. dxc5 Nc6 5. a3 Nxe5 6. b4 Nf6 7. Bb2 Ned7 8. Nf3 e6 9. c4 dxc4 10. Bxc4 Be7 11. O-O O-O 12. Nc3 a6 13. Qe2 h6 14. Rfe1 Re8 15. Rac1 Bf8 16. Nd2 Qc7 17. Nce4 Be7 18. Nxf6+ Nxf6 19. Ne4 Nxe4 20. Qxe4 Qc6 21. Qe3 Bd7 22. Qg3 Bf8 23. Rcd1 Qc8 24. Re4 Bb5 25. Bxg7 Bxg7 26. Rg4 Rd8 27. Rxg7+ Kh8 28. Bd3 Rxd3 29. Rxd3 Qf8 30. Rg4 Bxd3 31. Qxd3 Rd8 32. Rd4 Rxd4 33. Qxd4+ Kg8 34. Qd7 Qb8 35. g3 Kg7 36. a4 a5 37. b5 Qe5 38. Qxb7 Qxc5 39. Qc6 Qb4 40. b6 Kf6 41. b7 h5 42. h4 1-0

[Event "4NCL Div 1 2018-19"]
[Site "Telford"]
[Date "2019.02.10"]
[Round "6.29"]
[White "Holland, James P"]
[Black "Kulon, Klaudia"]
[Result "1-0"]
[ECO "C48"]
[WhiteElo "2260"]
[BlackElo "2327"]
[Annotator "NA"]
[PlyCount "67"]
[EventDate "2018.11.10"]
[EventType "team-tourn"]
[EventCountry "GBR"]
[SourceTitle "playchess.com"]
[Source "ChessBase"]
[SourceQuality "1"]
[TimeControl "40/6000+30:3000+30"]

1. e4 e5 2. Nf3 Nc6 3. Nc3 Nf6 4. Bb5 Bd6 5. a3 O-O 6. d3 h6 7. Bc4 Re8 8. g4 Nh7 9. g5 hxg5 10. Rg1 Be7 11. Nd5 g4 12. Rxg4 d6 13. Rg3 Be6 14. Bh6 g6 15. Nxc7 Qxc7 16. Bxe6 fxe6 17. Rxg6+ Kh8 18. Bg7+ Kg8 19. Bxe5+ Kf8 20. Qd2 Bg5 21. Nxg5 dxe5 22. Nxe6+ Rxe6 23. Qh6+ Ke8 24. Rxe6+ Kd8 25. Rd6+ Ke8 26. Re6+ Kd8 27. Rg6 Ne7 28. Qxh7 Nxg6 29. Qg8+ Ke7 30. Qxa8 Qxc2 31. Qxb7+ Kf6 32. Qa6+ Kg5 33. Qc4 Qxb2 34. Qc1+ 1-0

[Event "4NCL Div 1 2018-19"]
[Site "Telford"]
[Date "2019.02.10"]
[Round "6.29"]
[White "Moreby, James"]
[Black "Berry, Neil"]
[Result "1/2-1/2"]
[ECO "D37"]
[WhiteElo "2252"]
[BlackElo "2274"]
[Annotator "NA"]
[PlyCount "79"]
[EventDate "2018.11.10"]
[EventType "team-tourn"]
[EventCountry "GBR"]
[SourceTitle "playchess.com"]
[Source "ChessBase"]
[SourceQuality "1"]
[TimeControl "40/6000+30:3000+30"]

1. Nf3 d5 2. d4 Nf6 3. c4 e6 4. Nc3 Be7 5. Bf4 O-O 6. Rc1 b6 7. cxd5 Nxd5 8. Bd2 Bb7 9. e3 Nd7 10. Bd3 c5 11. O-O N7f6 12. a3 cxd4 13. exd4 Nxc3 14. Bxc3 Rc8 15. Re1 Nd5 16. Bd2 Rxc1 17. Qxc1 Nf6 18. Be3 Bxf3 19. gxf3 Nd5 20. Qd2 Bd6 21. Kg2 Qh4 22. h3 Bf4 23. Be4 Nxe3+ 24. fxe3 Qg3+ 25. Kf1 Qxh3+ 26. Qg2 Qxg2+ 27. Kxg2 Bd6 28. Rc1 f5 29. Bd3 Kf7 30. Rc6 Ke7 31. e4 fxe4 32. fxe4 e5 33. d5 g5 34. Rc1 Bc5 35. b4 Bd6 36. Rh1 Rf7 37. Rh5 a5 38. Rxg5 axb4 39. axb4 Kf6 40. Rf5+ 1/2-1/2

[Event "4NCL Div 1 2018-19"]
[Site "Telford"]
[Date "2019.02.10"]
[Round "6.30"]
[White "Findlay, David John"]
[Black "Dunn, Andrew"]
[Result "1/2-1/2"]
[ECO "B13"]
[WhiteElo "2183"]
[BlackElo "2155"]
[Annotator "NA"]
[PlyCount "39"]
[EventDate "2018.11.10"]
[EventType "team-tourn"]
[EventCountry "GBR"]
[SourceTitle "playchess.com"]
[Source "ChessBase"]
[SourceQuality "1"]
[TimeControl "40/6000+30:3000+30"]

1. e4 c6 2. d4 d5 3. exd5 cxd5 4. c4 Nf6 5. Nc3 Nc6 6. Bg5 Be6 7. a3 g6 8. Be2 Bg7 9. Bf3 Na5 10. Bxf6 Bxf6 11. cxd5 Bd7 12. Nge2 Nc4 13. Qb3 Nd6 14. O-O O-O 15. Ne4 Nxe4 16. Bxe4 Qc7 17. Rac1 Qd6 18. Rc4 b5 19. Rc3 a5 20. Rcc1 1/2-1/2

[Event "4NCL Div 1 2018-19"]
[Site "Telford"]
[Date "2019.02.10"]
[Round "6.30"]
[White "Maciol, Ryszard"]
[Black "Dong, Bao Nghia"]
[Result "1/2-1/2"]
[ECO "A65"]
[WhiteElo "2120"]
[BlackElo "2144"]
[Annotator "NA"]
[PlyCount "122"]
[EventDate "2018.11.10"]
[EventType "team-tourn"]
[EventCountry "GBR"]
[SourceTitle "playchess.com"]
[Source "ChessBase"]
[SourceQuality "1"]
[TimeControl "40/6000+30:3000+30"]

1. d4 e6 2. c4 c5 3. d5 Nf6 4. Nc3 exd5 5. cxd5 d6 6. e4 g6 7. f3 Bg7 8. Bg5 O-O 9. Qd2 Re8 10. Nge2 a6 11. a4 Qa5 12. Ra3 Nfd7 13. Ng3 f5 14. Be2 Qb4 15. O-O Qd4+ 16. Kh1 Qxd2 17. Bxd2 Ne5 18. f4 Nf7 19. exf5 Bxf5 20. Nxf5 gxf5 21. Bd3 Nd7 22. Rb3 c4 23. Bxc4 Nc5 24. Rb6 Rac8 25. Ba2 Bxc3 26. Bxc3 Nxa4 27. Rxb7 Nxc3 28. bxc3 Rxc3 29. Bb1 Rc5 30. h3 Nh6 31. Rd7 Nf7 32. Bxf5 Rxd5 33. Bc2 Re3 34. Rb1 Rb5 35. Rxb5 axb5 36. Rb7 Kg7 37. Rxb5 Rc3 38. Bb3 Nd8 39. Kh2 Nc6 40. Bd5 Ne7 41. Bb3 Kf6 42. g4 h6 43. Rb6 Rd3 44. Bc4 Rd4 45. Ba6 Ng6 46. f5 Ne5 47. Kg3 h5 48. gxh5 Kxf5 49. Rb8 Ra4 50. Be2 Ra3+ 51. Kh4 Ra4+ 52. Kg3 d5 53. Rf8+ Kg5 54. h4+ Kh6 55. Rf6+ Kg7 56. Rd6 Re4 57. h6+ Kh7 58. Bd1 d4 59. Bc2 d3 60. Bxd3 Nxd3 61. Rxd3 Kxh6 1/2-1/2